[Event "XXXIII Abierto Ciudad de Sevilla"]
[Site "Particular"]
[Date "2008.01.10"]
[Round "7"]
[White "Giménez Jiménez, Jesús"]
[Black "Nederveld, Dieter"]
[Result "1-0"]
[ECO "B12"]
[WhiteElo "1994"]
[BlackElo "2046"]
[Annotator ",Particular"]
[PlyCount "45"]
[EventDate "2008.??.??"]
[SourceDate "2008.01.05"]
[TimeControl "7200"]

{Presentada al Premio de Belleza} 1. e4 c6 2. d4 d5 3. e5 c5 4. Nf3 cxd4 5.
Qxd4 e6 6. Bg5 Qa5+ 7. Bd2 Qc5 8. Nc3 Bd7 9. Qf4 Ne7 10. Bd3 Ng6 11. Qg3 Qc7
12. h4 Nc6 13. Nb5 {Diagrama #} Qb8 $2 14. Bc3 $18 (14. Nd6+ Bxd6 15. exd6 $18)
14... d4 15. Bxg6 $2 (15. Nfxd4 Ngxe5 16. Be2 $18) (15. Bxd4 a6 16. Nd6+ Bxd6
17. exd6 $18) 15... dxc3 16. Bxf7+ $5 (16. Bd3 cxb2 17. Rb1 a6 18. Nd6+ Bxd6
19. exd6 O-O 20. O-O $14) 16... Kxf7 17. O-O-O $6 (17. Nxc3 Bb4 18. Ng5+ Ke8
19. f4 $14) 17... cxb2+ $15 18. Kb1 $6 (18. Kxb2 Qd8 $15) 18... Be8 $17 19. Qg4
$2 {Diagrama #} (19. Nd6+ Bxd6 20. Ng5+ Kg8 21. Rxd6 Nd8 $17) 19... h6 $2 (
19... Kg8 $19) 20. Ng5+ hxg5 21. hxg5 Rxh1 $4 (21... Nxe5 22. Qf4+ Kg6 (22...
Kg8 $2 23. Rxh8+ Kxh8 24. Qxf8+ Kh7 25. Rh1+ Bh5 (25... Kg6 26. Qg8 Bd7 27.
Rh6+ Kf5 28. Qxg7 Bxb5 29. Qh7+ Kxg5 30. Qg7+ Kf5 31. f3 Kf4 32. Rh5 Ke3 33.
Rxe5+ Kf2 34. Rxb5 $18) 26. Qf4 Kg8 27. Rxh5 Ng6 28. Qe4 Qe5 29. Rh4 (29. Qxg6
Qe1+ 30. Kxb2 Qb4+ $11) 29... Qxe4 30. Rxe4 e5 $16) 23. Rxh8 (23. Qe4+ Kf7 24.
Qf4+ Kg6) 23... Bxb5 $13) ({Tampoco salva:} 21... Qxe5 22. Rxh8 $18) 22. g6+
Kg8 23. Qxe6+ {y el negro rinde.} 1-0